 Dungeon Crawl Stone Soup version 0.30-a0-358-g0d69a1922f (webtiles) character file.

Game seed: 10823152515678495865

579 vineage the Trooper (level 7, -2/46 HPs)
             Began as a Gargoyle Fighter on Nov 8, 2022.
             Slain by an ogre
             ... wielding a +0 giant club
              (12 damage)
             ... on level 5 of the Dungeon.
             The game lasted 00:03:07 (2499 turns).

vineage the Trooper (Gargoyle Fighter)              Turns: 2499, Time: 00:03:08

Health: -2/46      AC: 12    Str: 21    XL:     7   Next: 36%
Magic:  7/7        EV:  9    Int:  9    God:
Gold:   143        SH:  4    Dex:  9    Spells: 6/6 levels left

rFire   . . .      SeeInvis .    a - +0 flail
rCold   . . .      Faith    .    c - +0 buckler
rNeg    + . .      Spirit   .    b - +0 scale mail
rPois   ∞          Reflect  .    (no helmet)
rElec   +          Harm     .    (no cloak)
rCorr   .          Rampage  .    (no gloves)
Will    .....                    (no boots)
Stlth   ..........               (no amulet)
HPRegen 0.27/turn                (no ring)
MPRegen 0.10/turn                (no ring)

@: no status effects
A: sickness immunity, AC +4, negative energy resistance 1, electricity
resistance, torment resistance 1, petrification resistance
a: no special abilities


You were on level 5 of the Dungeon.
You visited 1 branch of the dungeon, and saw 5 of its levels.

You collected 143 gold pieces.

Inventory:

Hand Weapons
 a - a +0 flail (weapon)
Armour
 b - a +0 scale mail (worn)
 c - a +0 buckler (worn)
Jewellery
 f - a +4 ring of protection
 l - a ring of positive energy
Scrolls
 r - a scroll of poison
Potions
 h - 4 potions of attraction {unknown}
 j - 2 potions of degeneration {unknown}
 m - a potion of resistance {unknown}
 n - a potion of brilliance {unknown}
 o - a potion of lignification {unknown}
 q - a potion of curing {unknown}


   Skills:
 * Level 6.2 Fighting
 + Level 3.9 Maces & Flails
 + Level 4.9 Armour
 + Level 4.9 Shields


You had 6 spell levels left.
You didn't know any spells.
Your spell library was empty.

Dungeon Overview and Level Annotations

Branches:
Dungeon (4/15)
 Temple: D:4-7

Altars:
Makhleb

Shops:
D:3 ?


Innate Abilities, Weirdness & Mutations

You are immune to sickness and miasma.
Your stone body is resilient. (AC +4)
You are immune to poison.
You resist negative energy. (rN+)
You are resistant to electric shocks. (rElec)
You are resistant to unholy torment.
You are immune to petrification.


Message History

The orc is moderately wounded.
The orc hits you but does no damage. x2
You barely miss the orc.
The orc is moderately wounded.
The orc closely misses you.
You completely miss the orc.
The orc is moderately wounded.
The orc closely misses you.
You barely miss the orc.
The orc is moderately wounded.
The orc hits you with a +0 club.
You thump the orc!
You kill the orc!
The orc priest calls down the wrath of Beogh upon you.
Beogh smites you!
* * * LOW HITPOINT WARNING * * *
You hit the orc priest but do no damage.
The orc priest barely misses you.
You closely miss the orc priest.
The orc priest hits you with a +0 hand axe.
* * * LOW HITPOINT WARNING * * *
You sock the orc priest!
The orc priest is severely wounded.
The orc priest looks braver for a moment.
You hit the orc priest.
The orc priest is almost dead.
The orc priest hits you but does no damage.
The orc priest hits you with a +0 hand axe.
* * * LOW HITPOINT WARNING * * *
You hit the orc priest.
You kill the orc priest!
You sock the orc!
You kill the orc!
The ogre hits you with a +0 giant club.
* * * LOW HITPOINT WARNING * * *
Items here: )))) / [[ ††.
You sock the ogre!
The ogre is moderately wounded.
The ogre hits you with a +0 giant club!
You die...

.# ♣♣ )# ♣P# .#
.. .# ♣.#.#
♣♣...######
#.)..#....#
#.#O##.##.# #
#@##.##.#
#.##.##.#
#.##.##.#
#.##.##.#
#....##.#
########.#######
#......#.......#
#.####.#######.#
#.#######.#


You could see an ogre.

Vanquished Creatures
  Grinder (D:3)
  A black bear (D:3)
  An orc priest (D:5)
  3 iron imps (D:3)
  An iguana (D:5)
  An orc wizard (D:5)
  5 gnolls
  2 adders (D:2)
  A worm (D:3)
  3 dart slugs
  4 orcs
  6 endoplasms
  3 giant cockroaches
  6 hobgoblins
  12 kobolds
  2 quokkas
  4 ball pythons
  A bat (D:2)
  2 frilled lizards
  6 goblins
  4 rats (D:1)
69 creatures vanquished.

Notes
Turn   | Place    | Note
-------+----------+-------------------------------------------
     0 | D:1      | vineage the Gargoyle Fighter began the quest for the Orb.
     0 | D:1      | Reached XP level 1. HP: 14/14 MP: 1/1
   118 | D:1      | Reached XP level 2. HP: 17/19 MP: 2/2
   264 | D:1      | Reached XP level 3. HP: 21/24 MP: 3/3
   808 | D:2      | Reached skill level 4 in Fighting
  1007 | D:2      | Reached XP level 4. HP: 27/29 MP: 4/4
  1575 | D:3      | Noticed Grinder
  1587 | D:3      | Paralysed by Grinder for 2 turns
  1622 | D:3      | Killed Grinder
  1623 | D:3      | Reached skill level 5 in Fighting
  1623 | D:3      | Reached XP level 5. HP: 18/35 MP: 5/5
  1623 | D:3      | Reached XP level 6. HP: 20/40 MP: 6/6
  1784 | D:3      | Found Xomipa's Magic Scroll Emporium.
  2037 | D:3      | Found a burning altar of Makhleb.
  2280 | D:3      | Noticed a black bear
  2301 | D:3      | Killed a black bear
  2302 | D:3      | Reached skill level 6 in Fighting
  2302 | D:3      | Reached XP level 7. HP: 24/46 MP: 7/7
  2414 | D:4      | You fall into a shaft and drop 1 floor!
  2414 | D:5      | Entered Level 5 of the Dungeon
  2499 | D:5      | Slain by an ogre

Illustrated notes

Levels and vault maps discovered:
D:1:      lightli_arrival_isolated_outpost, layout_loops_ring
D:2:      layout_basic
D:3:      layout_basic, demons_altar, serial_shops, shop, uniq_grinder
D:4:      layout_loops_cross, kennysheep_generic_room_2, uniq_eustachio
D:5:      layout_basic, enter_ossuary_4, serial_bayou_crossing,
          uniq_prince_ribbit1

Skill      XL: |  1  2  3  4  5  6 |
---------------+-------------------+-----
Fighting       | 4 5 6 |  6.2
Shields        | 4 |  4.9
Maces & Flails | 3 |  3.9
Armour         | 4 |  4.9

Action                   |  1- 3 |  4- 6 |  7- 9 || total
-------------------------+-------+-------+-------++-------
Melee: Flail             |   109 |   165 |    34 ||   308
  Use: Potion            |       |     3 |       ||     3
       Scroll            |       |     7 |       ||     7
Armor: Scale mail        |    55 |   100 |    14 ||   169
Dodge: Dodged            |    52 |    89 |     8 ||   149
Block: Buckler           |    24 |    27 |     3 ||    54

Table legend: (Time is in decaauts)
 A = Elapsed time spent in this place.
 B = Non-inter-level travel time spent in this place.
 C = Inter-level travel time spent in this place.
 D = Time resting spent in this place.
 E = Time spent auto-exploring this place.
 F = Levels seen in this place.
 G = Mean time per level.
                   A        B        C        D        E       F      G
               +--------+--------+--------+--------+--------+-----+--------+
         Total |   2595 |   2505 |     90 |      0 |   1850 |   5 |  519.0 |
       Dungeon |   2595 |   2505 |     90 |      0 |   1850 |   5 |  519.0 |
               +--------+--------+--------+--------+--------+-----+--------+

Top non-repeatable levels by time:
     D:3: 954 daAuts
     D:2: 794 daAuts
     D:1: 744 daAuts
     D:5: 93 daAuts
     D:4: 8 daAuts
